 Dungeon Crawl Stone Soup version 0.30-a0-134-gb40fab5c76 (webtiles) character file.

Game seed: 17768724134343378381

4 Flugkiller the Chiller (level 2, 0/20 HPs)
             Began as a Meteoran Ice Elementalist on Sept 19, 2022.
             Slain by a kobold
             ... wielding a +1 dagger of speed
              (3 damage)
             ... on level 1 of the Dungeon.
             The game lasted 00:00:20 (21 turns).

Flugkiller the Chiller (Meteoran Ice Elementalist)    Turns: 21, Time: 00:00:20

Health: 0/20       AC:  2    Str:  9    XL:     2   Next: 0%
Magic:  0/7        EV: 12    Int: 16    God:
Gold:   0          SH:  0    Dex: 14    Spells: 6/7 levels left

rFire   . . .      SeeInvis .    (no weapon)
rCold   . . .      Faith    .    (no shield)
rNeg    . . .      Spirit   .    a - +0 robe
rPois   .          Reflect  .    (no helmet)
rElec   .          Harm     .    (no cloak)
rCorr   .          Rampage  .    (no gloves)
Will    .....                    (no boots)
Stlth   +.........               (no amulet)
HPRegen 0.06/turn                (no ring)
MPRegen 0.10/turn                (no ring)

@: glowing
A: sense surroundings 1, otherworldly, glowing, explore regen
a: no special abilities


You were on level 1 of the Dungeon.
You visited 1 branch of the dungeon, and saw 1 of its levels.

Inventory:

Armour
 a - a +0 robe (worn)
Potions
 b - a potion of magic


   Skills:
 - Level 2.4 Dodging
 - Level 1.4 Stealth
 + Level 3.0 Spellcasting
 + Level 4.5 Ice Magic


You had 6 spell levels left.
You knew the following spells:

 Your Spells              Type           Power      Damage    Failure   Level
a - Freeze                Ice            64%        1d8       3%          1

Your spell library contained the following spells:

 Spells                   Type           Power      Damage    Failure   Level
 Frozen Ramparts          Ice            32%        1d5       9%          3
 Ozocubu's Armour         Ice            16%        N/A       9%          3
 Hailstorm                Conj/Ice       9%         3d4       58%         4


Dungeon Overview and Level Annotations

Branches:
Dungeon (1/15) Zot: 578

Altars:


Innate Abilities, Weirdness & Mutations

You passively map a small area around you.
You are easily found by Zot.
You glow in the dark.
You regain HP and MP as you explore.


Message History

Welcome, Flugkiller the Meteoran Ice Elementalist.
Are you destined to find the terrific Orb of Zot, or to die trying?
Press ? for a list of commands and other information.
Found a staircase leading out of the dungeon.
A kobold and a jackal come into view.
The jackal barks!
You hear a bark! x2
A kobold comes into view. It is wielding a +0 club.
You hear an angry hiss.
You hear a bark!
A kobold and a jackal come into view.
The kobold is wielding a +1 dagger of speed.
The kobold shouts! x2; The jackal barks!
You hear a shout!
A ball python comes into view.
The kobold moves out of view.
The jackal moves out of view.
A jackal comes into view.
The jackal moves out of view.
Casting: Freeze (safe; 3% risk of failure)
Confirm with . or Enter, or press ? or * to list all spells.
Aiming: Freeze (safe; 3% risk of failure)
Press: ? - help, Shift-Dir - straight line, f - jackal
Aim: a jackal You freeze the jackal.
The jackal is heavily wounded.
The jackal barely misses you. The jackal attacks as you move away!
The jackal barely misses you.
A jackal comes into view.
The jackal moves out of view.
Casting: Freeze (safe; 3% risk of failure)
Confirm with . or Enter, or press ? or * to list all spells.
You can't see any susceptible monsters within range! (Use Z to cast anyway.)
Casting: Freeze (safe; 3% risk of failure)
Confirm with . or Enter, or press ? or * to list all spells.
Aiming: Freeze (safe; 3% risk of failure)
Press: ? - help, Shift-Dir - straight line, f - jackal, p - jackal
Aim: a jackal You freeze the jackal!
You kill the jackal!
The jackal barks!
Casting: Freeze (safe; 3% risk of failure)
Confirm with . or Enter, or press ? or * to list all spells.
Aiming: Freeze (safe; 3% risk of failure)
Press: ? - help, Shift-Dir - straight line, f - jackal
Aim: a jackal (heavily wounded)
You freeze the jackal.
You kill the jackal!
Casting: Freeze (safe; 3% risk of failure)
Confirm with . or Enter, or press ? or * to list all spells.
Aiming: Freeze (safe; 3% risk of failure)
Press: ? - help, Shift-Dir - straight line, f - kobold
Aim: a kobold, wielding a +0 short sword You freeze the kobold.
You kill the kobold!
Casting: Freeze (safe; 3% risk of failure)
Confirm with . or Enter, or press ? or * to list all spells.
Aiming: Freeze (safe; 3% risk of failure)
Press: ? - help, Shift-Dir - straight line, f - ball python
Aim: a ball python You freeze the ball python.
You kill the ball python!
Your Spellcasting skill increases to level 3!
You have reached level 2!
You hit the kobold but do no damage.
The kobold hits you with a +1 dagger of speed.
A rat comes into view.
You barely miss the kobold. The kobold closely misses you.
You barely miss the kobold.
The kobold hits you with a +1 dagger of speed.
The kobold hits you with a +1 dagger of speed. x2
Casting: Freeze (safe; 3% risk of failure)
Confirm with . or Enter, or press ? or * to list all spells.
Aiming: Freeze (safe; 3% risk of failure)
Press: ? - help, Shift-Dir - straight line, f - kobold
Aim: a kobold, wielding a +1 dagger of speed You freeze the kobold.
The kobold is severely wounded.
The kobold hits you with a +1 dagger of speed.
* * * LOW HITPOINT WARNING * * *
Casting: Freeze (safe; 3% risk of failure)
Confirm with . or Enter, or press ? or * to list all spells.
You don't have enough magic to cast this spell.
You hit the kobold but do no damage.
The kobold is severely wounded.
The kobold hits you with a +1 dagger of speed.
* * * LOW HITPOINT WARNING * * *
The kobold hits you with a +1 dagger of speed.
* * * LOW HITPOINT WARNING * * *
You barely miss the kobold.
The kobold is severely wounded.
The kobold hits you but does no damage.
Press: ? - help, v - describe, . - travel, g - get item
Here: a kobold, wielding a +1 dagger of speed (severely wounded)
Items here: a +0 short sword; a ball python corpse; a kobold corpse.
The floor.
Unknown command.
Unknown command.
You hit the kobold but do no damage.
The kobold is severely wounded.
The kobold hits you but does no damage.
The kobold hits you with a +1 dagger of speed.
You die...

, ....#.. , * .
, , ......#
..#######.....#.
................
...≈≈...........
, ...≈≈..Kr.h.#
, ,,
#....hh##...h# ,
* #.####K#*
.#S.. * #...@#
,# . ** #.<.## *
, #...#, *
#####, * * , ,
** , , ,, ,, * *
, * * , , * ,


You could see 2 jackals, 2 kobolds and a rat.

Vanquished Creatures
  A ball python (D:1)
  2 jackals (D:1)
  A kobold (D:1)
4 creatures vanquished.

Notes
Turn   | Place    | Note
-------+----------+-------------------------------------------
     0 | D:1      | Flugkiller the Meteoran Ice Elementalist began the quest
                  | for the Orb.
     0 | D:1      | Reached XP level 1. HP: 14/14 MP: 5/5
    14 | D:1      | Reached XP level 2. HP: 20/20 MP: 0/7
    21 | D:1      | Slain by a kobold

Illustrated notes

Levels and vault maps discovered:
D:1:      amcnicky_arrival_single_pillar, layout_rooms, corner_web_ring

Skill      XL: |  1 |
---------------+----+-----
Spellcasting   | 3 |  3.0
Dodging        | |  2.4
Stealth        | |  1.4
Ice Magic      | |  4.5

Action                   || total
-------------------------++-------
Melee: Unarmed           ||     6
 Cast: Freeze            ||     6
Armor: Robe              ||     2
Dodge: Dodged            ||     3

Table legend: (Time is in decaauts)
 A = Elapsed time spent in this place.
 B = Non-inter-level travel time spent in this place.
 C = Inter-level travel time spent in this place.
 D = Time resting spent in this place.
 E = Time spent auto-exploring this place.
 F = Levels seen in this place.
 G = Mean time per level.
                   A        B        C        D        E       F      G
               +--------+--------+--------+--------+--------+-----+--------+
         Total |     21 |     21 |      0 |      0 |      0 |   1 |   21.0 |
       Dungeon |     21 |     21 |      0 |      0 |      0 |   1 |   21.0 |
               +--------+--------+--------+--------+--------+-----+--------+

Top non-repeatable levels by time:
     D:1: 21 daAuts
